 Dungeon Crawl Stone Soup version 0.31-a0-152-g6aa68a64a1 (webtiles) character file.

Game seed: 10299128870325942355

328 senseless the Changer (level 6, -4/47 HPs)
             Began as a Merfolk Transmuter on June 9, 2023.
             Killed by divine providence
             ... invoked by an orc priest
              (14 damage)
             ... on level 4 of the Dungeon.
             The game lasted 00:08:54 (3723 turns).

senseless the Changer (Merfolk Transmuter)          Turns: 3723, Time: 00:08:55

Health: -4/47      AC:  5    Str: 11    XL:     6   Next: 50%
Magic:  9/10       EV: 15    Int: 12    God:
Gold:   184        SH:  0    Dex: 22    Spells: 5/11 levels left

rFire   . .          .
                       - Unarmed
rCold   . . .        (no shield)
rNeg    + . .        e - +2 robe {rN+}
rPois   .            (helmet currently unavailable)
rElec   .            (no cloak)
rCorr   .            g - +0 pair of gloves
SInv    .            o - melded +0 pair of boots
Will    .....        (no amulet)
Stlth   +            d - ring of wizardry
HPRegen 0.27/turn    q - +6 ring of dexterity
MPRegen 0.12/turn

%: wizardry (x1)
@: confused, appendages (expiring), wereblooded (expiring)
A: horns 2, (nimble swimmer 2), mertail
a: End Transformation


You were on level 4 of the Dungeon.
You had temporarily grown beastly horns.
You visited 1 branch of the dungeon, and saw 4 of its levels.

You collected 184 gold pieces.

Inventory:

Hand Weapons
 r - a +1 dagger of electrocution
Armour
 e - a +2 robe of positive energy (worn)
 g - a +0 pair of gloves (worn)
 o - a +0 pair of boots (melded)
Magical Staves
 l - a staff of air
Jewellery
 d - a ring of wizardry (left hand)
 m - a +6 ring of intelligence
 q - a +6 ring of dexterity (right hand)
Wands
 n - a wand of roots (6)
Scrolls
 f - 3 scrolls of immolation
 h - a scroll of amnesia {unknown}
 j - 3 scrolls of poison
 k - 3 scrolls of teleportation
 p - a scroll of enchant weapon
Potions
 a - a potion of resistance
 b - a potion of lignification
 c - a potion of heal wounds
 i - 5 potions of curing
 s - a potion of ambrosia {unknown}


   Skills:
 + Level 3.2 Fighting
 + Level 4.5 Dodging
 + Level 4.5 Unarmed Combat
 + Level 3.1 Spellcasting
 + Level 4.6 Transmutations


You had 5 spell levels left.
You knew the following spells:

 Your Spells              Type           Power      Damage    Failure   Level
a - Beastly Appendage     Tmut           26%        N/A       1%          1
b - Wereblood             Tmut           13%        N/A       2%          2
c - Spider Form           Tmut/Pois      7%         N/A       12%         3

Your spell library contained the following spells:

 Spells                   Type           Power      Damage    Failure   Level
 Ice Form                 Ice/Tmut       7%         N/A       34%         4


Dungeon Overview and Level Annotations

Branches:
Dungeon (4/15)
 Temple: D:4-7

Altars:
Elyvilon
Nemelex Xobeh


Innate Abilities, Weirdness & Mutations

You have temporarily grown beastly horns.
((You are very nimble when in or above water. (Stealth+, EV+, Speed+++)))
Your lower body shifts to a powerful aquatic tail in water.


Message History

You are too injured to fight recklessly!
You are too injured to fight recklessly!
You are too injured to fight recklessly!
You are too injured to fight recklessly!
You are too injured to fight recklessly!
You are too injured to fight recklessly!
You are too injured to fight recklessly!
You are too injured to fight recklessly!
You are too injured to fight recklessly!
You are too injured to fight recklessly!
You are too injured to fight recklessly!
You are too injured to fight recklessly!
You are too injured to fight recklessly!
You are too injured to fight recklessly!
You are too injured to fight recklessly!
You are too injured to fight recklessly!
You are too injured to fight recklessly!
You hit the orc.
The orc is lightly wounded.
Your transformation is almost over.
The orc misses you.
You barely miss the orc.
The orc is lightly wounded.
The orc closely misses you.
The orc priest invokes the aid of Beogh against you.
Beogh smites you!
* * * LOW HITPOINT WARNING * * *
You hit the orc.
The orc is almost dead.
The orc hits you with a +0 falchion.
* * * LOW HITPOINT WARNING * * *
Your primal bloodlust is almost over.
The orc zaps a wand.
Your will is overpowered!
You are confused.
The orc priest calls upon Beogh to heal the orc.
The orc zaps a wand.
You resist with some effort.
You bump into the rock wall.
The orc hits you but does no damage.
The orc priest invokes the aid of Beogh against you.
Beogh smites you!
You die...

#.# #.# #.#
#.# #.# #.#
#.#
############.#
...o.o{{o@...#
##############


You could see an orc priest and 2 orcs.

Vanquished Creatures
  Blork the orc (D:4)
  A sleepcap (D:4)
  2 jellies (D:3)
  Jessica (D:3)
  3 adders
  A shadow imp (D:3)
  An ufetubus (D:4)
  A worm (D:2)
  2 dart slugs
  2 orcs (D:3)
  11 ball pythons
  15 endoplasms
  4 giant cockroaches
  11 goblins
  A hobgoblin (D:4)
  3 jackals (D:1)
  14 kobolds
  A quokka (D:2)
  6 bats
  5 frilled lizards
  6 rats
92 creatures vanquished.

Notes
Turn   | Place    | Note
-------+----------+-------------------------------------------
     0 | D:1      | senseless the Merfolk Transmuter began the quest for the
                  | Orb.
     0 | D:1      | Reached XP level 1. HP: 15/15 MP: 3/3
   155 | D:1      | Reached XP level 2. HP: 19/21 MP: 3/5
   284 | D:1      | Learned a level 2 spell: Wereblood
   701 | D:1      | Reached XP level 3. HP: 27/27 MP: 0/6
   907 | D:1      | You fall into a shaft and drop 1 floor!
  1405 | D:2      | Found a sparkling altar of Nemelex Xobeh.
  1820 | D:2      | Reached XP level 4. HP: 33/33 MP: 3/7
  1990 | D:2      | Learned a level 3 spell: Spider Form
  2048 | D:3      | Noticed Jessica
  2057 | D:3      | Killed Jessica
  2513 | D:3      | Reached XP level 5. HP: 38/39 MP: 5/8
  3118 | D:3      | Found a white marble altar of Elyvilon.
  3422 | D:4      | Noticed Blork the orc
  3435 | D:4      | Killed Blork the orc
  3436 | D:4      | Reached XP level 6. HP: 39/47 MP: 7/10
  3723 | D:4      | Killed from afar by an orc priest

Illustrated notes

Levels and vault maps discovered:
D:1:      minmay_arrival_up_and_down, layout_loops_corners,
          minmay_misc_feat_nine_boxes
D:2:      layout_rooms, basic_altar, minivault_23
D:3:      cheibrodos_fertilizer, layout_rooms, lemuel_coloured_pillars_altar,
          uniq_jessica
D:4:      layout_basic, grunt_tough_drop, uniq_eustachio, uniq_blork_the_orc

Skill      XL: |  1  2  3  4  5 |
---------------+----------------+-----
Dodging        | 3 4 |  4.5
Transmutations | 3 4 |  4.6
Fighting       | 2 3 |  3.2
Unarmed Combat | 4 |  4.5
Spellcasting   | 3 |  3.1

Action                     |  1- 3 |  4- 6 || total
---------------------------+-------+-------++-------
  Melee: Unarmed           |    93 |   153 ||   246
         Headbutt          |    13 |    24 ||    37
         Punch             |       |     5 ||     5
   Cast: Beastly Appendage |    23 |    26 ||    49
         Wereblood         |    16 |    26 ||    42
    Use: Scroll            |       |     9 ||     9
   Stab: Sleeping          |       |     3 ||     3
 Armour: Robe              |    21 |    28 ||    49
  Dodge: Dodged            |    49 |    85 ||   134

Table legend: (Time is in decaauts)
 A = Elapsed time spent in this place.
 B = Non-inter-level travel time spent in this place.
 C = Inter-level travel time spent in this place.
 D = Time resting spent in this place.
 E = Time spent auto-exploring this place.
 F = Levels seen in this place.
 G = Mean time per level.
                   A        B        C        D        E       F      G
               +--------+--------+--------+--------+--------+-----+--------+
         Total |   3708 |   3449 |    259 |    100 |   2650 |   4 |  927.0 |
       Dungeon |   3708 |   3449 |    259 |    100 |   2650 |   4 |  927.0 |
               +--------+--------+--------+--------+--------+-----+--------+

Top non-repeatable levels by time:
     D:3: 1364 daAuts
     D:1: 1324 daAuts
     D:2: 717 daAuts
     D:4: 302 daAuts
